 Dungeon Crawl Stone Soup version 0.30.1 (webtiles) character file.

Game seed: 3527628127244981001

26 monsoonserge the Slasher (level 3, 0/33 HPs)
             Began as a Meteoran Monk on July 8, 2023.
             Slain by Robin
             ... wielding a +0 short sword of venom
              (1 damage)
             ... on level 1 of the Dungeon.
             The game lasted 00:02:25 (319 turns).

monsoonserge the Slasher (Meteoran Monk)             Turns: 319, Time: 00:02:26

Health: 0/33       AC:  2    Str: 12    XL:     3   Next: 41%
Magic:  4/4        EV: 14    Int: 11    God:
Gold:   82         SH:  0    Dex: 19    Spells: 2/2 levels left

rFire   . . .        a - +0 falchion
rCold   . . .        d - orb {light}
rNeg    . . .        f - +0 robe
rPois   .            (no helmet)
rElec   .            (no cloak)
rCorr   .            (no gloves)
SInv    .            (no boots)
Will    .....        (no amulet)
Stlth   +            (no ring)
HPRegen 0.25/turn    (no ring)
MPRegen 0.09/turn

%: no passive effects
@: lethally poisoned (0 -> -4), glowing
A: sense surroundings 1, otherworldly, glowing, explore regen
a: no special abilities


You were on level 1 of the Dungeon.
You visited 1 branch of the dungeon, and saw 2 of its levels.

You collected 82 gold pieces.

Inventory:

Hand Weapons
 a - a +0 falchion (weapon)
 b - a +0 sling
Armour
 d - an orb of light (worn)
 f - a +0 robe (worn)
Scrolls
 e - a scroll of amnesia {unknown}


   Skills:
 + Level 3.8 Fighting
 + Level 4.2 Long Blades
 + Level 4.0 Dodging


You had 2 spell levels left.
You didn't know any spells.
Your spell library was empty.

Dungeon Overview and Level Annotations

Branches:
Dungeon (2/15) Zot: 873

Altars:

Annotations:
D:1 Robin


Innate Abilities, Weirdness & Mutations

You passively map a small area around you.
You are easily found by Zot.
You glow in the dark.
You regain HP and MP as you explore.


Message History

You closely miss Robin.
* * * LOW HITPOINT WARNING * * *
You feel sick.
Robin roars a battlecry!
The goblin goes into a battle-frenzy!
The hobgoblin closely misses you.
You hit Robin.
Robin is moderately wounded.
You feel sick.
Robin hits you with a +0 short sword of venom.
* * * LOW HITPOINT WARNING * * *
The hobgoblin hits you but does no damage.
You hit the hobgoblin.
You kill the hobgoblin!
You feel sick.
Unknown command.
You bump into the rock wall.
You feel sick. Robin closely misses you. The goblin barely misses you.
You bump into the rock wall.
You feel sick.
Robin hits you with a +0 short sword of venom.
You are lethally poisoned!
The goblin hits you with a +0 dagger.
* * * LOW HITPOINT WARNING * * *
You hit Robin but do no damage.
Robin is moderately wounded.
* * * LOW HITPOINT WARNING * * *
You feel very sick. The goblin hits you with a +0 dagger.
* * * LOW HITPOINT WARNING * * *
You're too confused to move!
You feel less invigorated.
You feel less confused.
* * * LOW HITPOINT WARNING * * *
You feel sick. The goblin hits you with a +0 dagger.
* * * LOW HITPOINT WARNING * * *
You barely miss Robin.
Robin is moderately wounded.
* * * LOW HITPOINT WARNING * * *
You feel sick.
Robin hits you with a +0 short sword of venom.
You die...

.......##....#.#.#...#
#...#
......###........#...#
#...#
.#######......####...#
#...#
....####†##......#...#
#...#
#.####...##....###...#
#...# ..#
#...........#..)#
#...# #.#
#...........#...#
#...# #.#
#.########gg#...#
#...# ### ## ##@#...#
#...# .# ###...# #...#
.# #...# #...# .###
#...# #...# ...#
#...###...# .###
#....#....# .#
##.......## .#
##.....## .# ##...##


You could see Robin and a goblin (strong).

Vanquished Creatures
  A dart slug (D:1)
  3 ball pythons (D:1)
  6 goblins (D:1)
  4 hobgoblins
  3 kobolds (D:1)
  A quokka (D:1)
  2 bats (D:1)
  3 rats (D:1)
23 creatures vanquished.

Notes
Turn   | Place    | Note
-------+----------+-------------------------------------------
     0 | D:1      | monsoonserge the Meteoran Monk began the quest for the Orb.
     0 | D:1      | Reached XP level 1. HP: 19/19 MP: 2/2
    87 | D:1      | Reached XP level 2. HP: 25/26 MP: 3/3
   277 | D:2      | Noticed Robin
   279 | D:2      | Reached XP level 3. HP: 27/31 MP: 4/4
   311 | D:1      | HP: 1/33 [hobgoblin[Robin] (5)]
   319 | D:1      | HP: 1/33 [poisoned by Robin]
   319 | D:1      | Slain by Robin

Illustrated notes

Levels and vault maps discovered:
D:1:      dpeg_arrival_rooms_a, layout_basic, minmay_misc_feat_four_crosses,
          nrook_uturn
D:2:      layout_loops_ring, uniq_sigmund, uniq_robin, uniq_natasha

Skill      XL: |  1  2 |
---------------+-------+-----
Long Blades    | 4 |  4.2
Dodging        | 4 |  4.0
Fighting       | |  3.8

Action                     || total
---------------------------++-------
  Melee: Falchion          ||    51
   Fire: Sling             ||     1
    Use: Potion            ||     1
 Armour: Robe              ||    13
  Dodge: Dodged            ||    36
